 Dungeon Crawl Stone Soup version 0.27-a0-1381-g81fdcbfb23 (webtiles) character file.

Game seed: 7533052004286883722

228 Froggeryz the Sneak (level 6, -3/39 HPs)
             Began as an Octopode Brigand on June 30, 2021.
             Slain by a hornet (8 damage)
             ... on level 4 of the Dungeon.
             The game lasted 00:02:36 (2351 turns).

Froggeryz the Sneak (Octopode Brigand)              Turns: 2351, Time: 00:02:36

Health: -3/39      AC:  1    Str: 10    XL:     6   Next: 2%
Magic:  6/6        EV: 13    Int: 14    God:
Gold:   73         SH:  0    Dex: 13    Spells: 5/5 levels left

rFire    . . .     SeeInvis .   a - +2 dagger
rCold    . . .     Faith    .   (no shield)
rNeg     . . .     Spirit   .   (helmet restricted)
rPois    .         Reflect  +   k - amulet of reflection
rElec    .         Harm     .   (no ring)
rCorr    .         Rampage  .   (no ring)
Will     .....                  (no ring)
Stlth    ++........             (no ring)
HPRegen  0.13/turn              (no ring)
MPRegen  0.10/turn              (no ring)
                                (no ring)
                                (no ring)

@: confused, mighty, lethally poisoned (-3 -> -12), ambrosia-drunk, slowed,
studying Summonings, very slow
A: almost no armour, amphibious, 8 rings, camouflage 1, gelatinous body 1,
(nimble swimmer 1), tentacles, antennae 1, clumsy 1
a: no special abilities


You were on level 4 of the Dungeon.
You visited 1 branch of the dungeon, and saw 4 of its levels.

You collected 101 gold pieces.
You spent 28 gold pieces at shops.

Inventory:

Hand Weapons
 a - a +2 dagger (weapon)
Missiles
 b - 24 poisoned darts (quivered)
 c - 2 curare-tipped darts
 j - 4 javelins
Jewellery
 k - an amulet of reflection (around mantle)
 p - a ring of protection from fire
Scrolls
 d - 2 scrolls of identify {unknown}
 g - a scroll of vulnerability {unknown}
 h - 3 scrolls of brand weapon {unknown}
 m - a scroll of magic mapping {unknown}
 n - a scroll of fog
Potions
 e - 3 potions of mutation
 i - a potion of curing {unknown}
 l - a potion of might
 o - a potion of resistance {unknown}


   Skills:
 - Level 2.0 Fighting
 * Level 4.4 Short Blades
 + Level 2.2 Throwing
 + Level 1.4 Dodging
 - Level 7.5 Stealth


You had 5 spell levels left.
You didn't know any spells.
Your spell library contained the following spells:

 Spells                   Type           Power      Damage    Failure   Level
 Beastly Appendage        Tmut           0%         N/A       28%         1
 Wereblood                Tmut           0%         N/A       41%         2
 Spider Form              Tmut/Pois      0%         N/A       65%         3
 Ice Form                 Ice/Tmut       0%         N/A       96%         4


Dungeon Overview and Level Annotations

Branches:
Dungeon (4/15)
 Temple: D:4-7

Altars:

Shops:
D:3 ?

Annotations:
D:3 2 runed translucent doors, morra's ghost, amateur OpTm


Innate Abilities, Weirdness & Mutations

You cannot wear most types of armour.
You are amphibious.
You can wear up to eight rings at the same time.
Your skin changes colour to match your surroundings (Stealth+).
Your rubbery body absorbs attacks. (AC +1, EV +1)
((You are camouflaged near water. (Stealth+)))
You have tentacles for arms and can constrict up to eight enemies at once.
You have a pair of small antennae on your head.
You are clumsy. (Dex -2)


Message History

The adder zombie closely misses you.
You barely miss the adder zombie. Your grab misses the adder zombie.
Your squeeze misses the adder zombie. The adder zombie closely misses you.
You hit the adder zombie. You grab the adder zombie.
The adder zombie is lightly damaged.
You constrict the adder zombie. The adder zombie bites you.
You hit the adder zombie.
The adder zombie is moderately damaged.
You constrict the adder zombie. You block the adder zombie's attack.
You barely miss the adder zombie.
The adder zombie is heavily damaged.
You constrict the adder zombie. You block the adder zombie's attack.
You hit the adder zombie.
The adder zombie is severely damaged.
You constrict the adder zombie. You block the adder zombie's attack.
You hit the adder zombie.
You destroy the adder zombie!
A hornet comes into view.
A water moccasin zombie comes into view.
The hornet misses you.
You barely miss the hornet. Your grab misses the hornet. The hornet stings you!
You feel yourself slow down. The hornet misses you.
It was a potion of mutation.
You feel extremely strange.
You feel clumsy. A pair of antennae grows on your head!
You block the hornet's attack. x2
It was a potion of might.
You feel very mighty all of a sudden. The hornet stings you.
You are lethally poisoned!
You feel as though you will be slow longer.
The hornet stings you!
* * * LOW HITPOINT WARNING * * *
You feel as though you will be slow longer.
It was a potion of ambrosia.
You are confused.
You feel invigorated.
* * * LOW HITPOINT WARNING * * *
You feel very sick. The hornet stings you!
You die...

.#... #.#.## ###
#.... ..# #...# #.# #
#...# #.# #. #...#
##.##
#..########...###...#
#..y@Z..†............
###########.####....#
#.####.#.##
#......#.##
##.....#...
#..8..#### #.....$..
#......## #.######


You could see a hornet and a water moccasin zombie.

Vanquished Creatures
  An ogre (D:4)
  A scorpion zombie (D:4)
  A hound zombie (D:4)
  A hound skeleton (D:4)
  A howler monkey skeleton (D:3)
  3 adders
  An adder zombie (D:4)
  A worm (D:2)
  A dart slug (D:1)
  An orc (D:3)
  4 ball pythons
  4 endoplasms
  4 goblins
  3 hobgoblins
  8 jackals
  2 quokkas
  4 bats
  A frilled lizard (D:3)
  2 kobolds
  3 rats
47 creatures vanquished.

Vanquished Creatures (others)
  3 withered plants (D:4)
3 creatures vanquished.

Grand Total: 50 creatures vanquished

Notes
Turn   | Place    | Note
-------+----------+-------------------------------------------
     0 | D:1      | Froggeryz the Octopode Brigand began the quest for the Orb.
     0 | D:1      | Reached XP level 1. HP: 14/14 MP: 1/1
    63 | D:1      | Reached XP level 2. HP: 19/19 MP: 2/2
   282 | D:1      | Found a faded altar of an unknown god.
   479 | D:1      | Reached skill level 6 in Stealth
   486 | D:1      | Reached XP level 3. HP: 24/24 MP: 3/3
  1559 | D:3      | Reached XP level 4. HP: 29/29 MP: 4/4
  1870 | D:3      | Found Xanosak's Magic Scroll Shop.
  1874 | D:3      | Bought a scroll of fog for 28 gold pieces
  1906 | D:3      | Found a large runed translucent door.
  1906 | D:3      | Found a large runed translucent door.
  1945 | D:3      | Noticed morra's ghost (amateur OpTm)
  2002 | D:4      | Noticed an ogre
  2011 | D:4      | Killed an ogre
  2012 | D:4      | Reached skill level 7 in Stealth
  2012 | D:4      | Reached XP level 5. HP: 5/34 MP: 5/5
  2331 | D:4      | Reached XP level 6. HP: 29/39 MP: 6/6
  2346 | D:4      | Noticed a hornet
  2349 | D:4      | Gained mutation: You are clumsy. (Dex -2) [potion of
                  | mutation]
  2349 | D:4      | Gained mutation: You have a pair of small antennae on your
                  | head. [potion of mutation]
  2351 | D:4      | Slain by a hornet

Illustrated notes

Levels and vault maps discovered:
D:1:      dpeg_arrival_rooms_with_view, layout_basic,
          hellmonk_ecumenical_altar_blasted
D:2:      layout_basic, st_stairs_1, minmay_misc_feat_plants
D:3:      layout_rooms, ebering_ghost_disaster_area, serial_shops,
          nicolae_shop_behind_doors, kennysheep_generic_room_14
D:4:      layout_loops_ring, gammafunk_temple_overflow_forgotten,
          minmay_temple_entry_hall, serial_undead, serial_undead_f,
          serial_undead_a, serial_undead_f, serial_undead_c, serial_undead_c,
          serial_undead_d, gup_sewer_entry_glass,
          chequers_serial_rivers_micro_d, uniq_menkaure

Skill      XL: |  1  2  3  4 |
---------------+-------------+-----
Stealth        | 6 7 |  7.5
Short Blades   | 3 4 |  4.4
Fighting       | |  2.0
Throwing       | |  2.2
Dodging        | |  1.4

Action                   |  1- 3 |  4- 6 || total
-------------------------+-------+-------++-------
Melee: Dagger            |    60 |    49 ||   109
       Constrict         |    12 |     9 ||    21
       Tentacles         |    10 |     8 ||    18
Throw: Dart              |       |     1 ||     1
  Use: Potion            |       |     3 ||     3
 Stab: Sleeping          |    16 |     3 ||    19
Armor: Skin              |     2 |       ||     2
Dodge: Dodged            |    24 |    24 ||    48
Block: Other             |       |     9 ||     9

Table legend: (Time is in decaauts)
 A = Elapsed time spent in this place.
 B = Non-inter-level travel time spent in this place.
 C = Inter-level travel time spent in this place.
 D = Time resting spent in this place.
 E = Time spent auto-exploring this place.
 F = Levels seen in this place.
 G = Mean time per level.
                   A        B        C        D        E       F      G
               +--------+--------+--------+--------+--------+-----+--------+
         Total |   2335 |   2294 |     41 |    253 |   1724 |   4 |  583.8 |
       Dungeon |   2335 |   2294 |     41 |    253 |   1724 |   4 |  583.8 |
               +--------+--------+--------+--------+--------+-----+--------+

Top non-repeatable levels by time:
     D:2: 1035 daAuts
     D:3: 697 daAuts
     D:1: 513 daAuts
     D:4: 88 daAuts
